 Dungeon Crawl Stone Soup version 0.21-a0-278-ga722497 (webtiles) character file.

46 tidbits the Skirmisher (level 3, -2/33 HPs)
             Began as a Demigod Wanderer on Sept 22, 2017.
             Slain by an adder (3 damage)
             ... in a sewer.
             The game lasted 00:05:15 (839 turns).

tidbits the Skirmisher (Demigod Wanderer)            Turns: 839, Time: 00:05:16

Health: -2/33      AC:  2    Str: 14    XL:     3   Next: 27%
Magic:  6/6        EV: 12    Int: 19    God:
Gold:   111        SH:  0    Dex: 15    Spells: 4/4 levels left

rFire    . . .     SeeInvis .   a - +2 falchion
rCold    . . .     Gourm    .   (no shield)
rNeg     . . .     Faith    .   d - +0 robe
rPois    .         Spirit   .   (no helmet)
rElec    .         Reflect  .   (no cloak)
rCorr    .         Harm     .   (no gloves)
MR       .....                  (no boots)
Stlth    ++........             (no amulet)
HPRegen  0.11/turn              (no ring)
MPRegen  0.10/turn              (no ring)

@: lethally poisoned (-2 -> -30)
A: high mp 1
a: no special abilities


You were in a sewer.
You were not hungry.

You visited 1 branch of the dungeon, and saw 4 of its levels.
You also visited: Sewer.

You collected 111 gold pieces.

Inventory:

Hand Weapons
 a - a +2 falchion (weapon)
 e - a +0 dagger
 j - a +0 hunting sling
Armour
 d - a +0 robe (worn)
Scrolls
 g - 2 scrolls of identify
Potions
 b - a potion of curing
Books
 c - the Handbook of Transmutation

   Spells                             Type                      Level
   a - Sticks to Snakes               Transmutation                2
   b - Passwall                       Transmutation/Earth          2
Comestibles
 f - a bread ration
 h - a meat ration


   Skills:
 + Level 3.7 Fighting
 - Level 1.0 Long Blades
 + Level 1.3 Dodging
 - Level 1.7 Stealth
 - Level 1.0 Spellcasting
   Level 1.7 Transmutations
   Level 1.0 Evocations


You had 4 spell levels left.
You didn't know any spells.

Dungeon Overview and Level Annotations

Branches:
Dungeon (4/15)
 Temple: D:4-7


Innate Abilities, Weirdness & Mutations

You have an increased reservoir of magic. (+10% MP)


Message History

The giant cockroach is severely wounded.
The ball python bites you. The ball python grabs you.
The ball python constricts you. The giant cockroach barely misses you.
You riposte.
You hit the giant cockroach.
You kill the giant cockroach!
You hit the ball python.
You kill the ball python!
The bat closely misses you. The bat misses you.
You hit the frilled lizard.
You kill the frilled lizard!
The bat closely misses you. The bat barely misses you.
The bat completely misses you.
You hit the bat.
The bat is severely wounded.
The bat hits you. The bat closely misses you.
You completely miss the bat.
The bat is severely wounded.
The bat barely misses you. The bat hits you but does no damage.
The bat closely misses you. The bat misses you.
You see here a frilled lizard corpse.
You hit the bat.
You kill the bat!
The bat barely misses you.
You riposte.
You barely miss the bat. You miss the bat. The bat closely misses you.
There is a gate leading back out of this place here.
The bat barely misses you. The bat hits you but does no damage.
The bat closely misses you. The bat closely misses you.
You miss the bat. The bat barely misses you.
You hit the bat.
You kill the bat!
You see here a bat corpse.
A bat comes into view.
A frilled lizard and an adder come into view.
The adder hisses angrily.
The bat hits you but does no damage.
The frilled lizard moves out of view.
You hit the adder.
The adder is heavily wounded.
The bat hits you. The adder bites you.
You are poisoned.
The adder poisons you!
You hit the adder.
The adder is severely wounded.
You feel sick. The adder bites you.
You are more poisoned.
The adder poisons you! The bat completely misses you. The adder bites you.
You barely miss the adder.
The adder is severely wounded.
You feel sick. The bat misses you. The adder bites you.
You are more poisoned.
The adder poisons you!
You barely miss the adder.
The adder is severely wounded.
You feel sick. The bat hits you but does no damage.
The adder barely misses you.
You riposte.
You barely miss the adder.
The adder is severely wounded.
The bat hits you but does no damage. The adder barely misses you.
You closely miss the adder.
The adder is severely wounded.
You feel sick. The bat hits you but does no damage.
The adder barely misses you.
You riposte.
You hit the adder but do no damage.
The adder is heavily wounded.
The bat misses you.
You riposte.
You barely miss the bat. The adder bites you.
* * * LOW HITPOINT WARNING * * *
You are lethally poisoned!
The adder poisons you!
You closely miss the adder.
The adder is heavily wounded.
* * * LOW HITPOINT WARNING * * *
You feel sick. The bat closely misses you. The adder bites you.
* * * LOW HITPOINT WARNING * * *
You are more poisoned.
The adder poisons you!
You miss the adder.
The adder is heavily wounded.
* * * LOW HITPOINT WARNING * * *
You feel sick. The adder misses you.
You riposte.
You barely miss the adder.
The adder is heavily wounded.
The adder barely misses you.
You barely miss the adder.
The adder is heavily wounded.
* * * LOW HITPOINT WARNING * * *
You feel sick. The bat hits you but does no damage.
The adder barely misses you. x2
You hit the adder but do no damage.
The adder is heavily wounded.
* * * LOW HITPOINT WARNING * * *
You feel sick. The adder bites you.
* * * LOW HITPOINT WARNING * * *
You are more poisoned.
The adder poisons you!
You hit the adder.
The adder is severely wounded.
* * * LOW HITPOINT WARNING * * *
You feel sick. The adder bites you.
* * * LOW HITPOINT WARNING * * *
You are more poisoned.
The adder poisons you! The adder bites you.
You die...

≈≈≈≈ .≈≈≈ #≈≈≈
##### #≈≈≈
#####...##
#≈≈≈####.##.....##
#≈≈≈..≈...†......#
#≈≈≈≈S......∩...†#
#≈≈≈≈@.####....†.#
#≈≈≈#### ###.∩###
#≈≈ #### #≈ #


You could see an adder.

Vanquished Creatures
  2 worms (D:2)
  A dart slug (D:2)
  A ball python (Sewer)
  7 bats
  3 giant cockroaches
  3 hobgoblins
  3 jackals (D:2)
  2 quokkas (D:2)
  4 frilled lizards
  5 goblins
  4 kobolds
  A rat (D:2)
36 creatures vanquished.

Notes
Turn   | Place    | Note
-------+----------+-------------------------------------------
     0 | D:1      | tidbits the Demigod Wanderer began the quest for the Orb.
     0 | D:1      | tidbits set off with: a +2 falchion, a potion of curing, the Handbook of Transmutation, a +0 robe, a +0 dagger, a bread ration
     0 | D:1      | Reached XP level 1. HP: 18/18 MP: 4/4
     0 | D:1      | Identified the Handbook of Transmutation
   149 | D:1      | Reached skill level 3 in Fighting
   311 | D:2      | Reached XP level 2. HP: 26/26 MP: 5/5
   358 | D:2      | HP: 2/26 [dart slug/slug dart (4)]
   586 | D:2      | Reached XP level 3. HP: 14/33 MP: 6/6
   618 | D:2      | Reached skill level 1 in Dodging
   797 | D:4      | Found a glowing drain.
   802 | Sewer    | Entered a sewer
   839 | Sewer    | HP: 3/33 [poisoned by an adder]
   839 | Sewer    | HP: 1/33 [adder (2)]
   839 | Sewer    | Slain by an adder

Vault maps used:
D:1:      lightli_arrival_chessboard
D:2:      fedhas_altar_4, first_bread
D:3:      marbit_many_paths, led_sif_book, uniq_sigmund, uniq_terence
D:4:      grunt_temple_overflow_open, portal_sewer_entry_e,
          nicolae_ashenzari_panopticon, uniq_grinder, uniq_duvessa
Sewer:    sewer_fruit_machine

Skill      XL: |  1  2  3 |
---------------+----------+-----
Fighting       | 3 |  3.7
Dodging        | 1 |  1.3
Long Blades    | |  1.0
Stealth        | |  1.7
Spellcasting   | |  1.0
Transmutations | |  1.7
Evocations     | |  1.0

Action                   || total
-------------------------++-------
Melee: Falchion          ||    98
  Use: Scroll            ||     3
       Potion            ||     2
 Stab: Sleeping          ||     5
Armor: Robe              ||    25
Dodge: Dodged            ||    84
       Rpst.: Falchion   ||    23

Table legend:
 A = Spawn XP
 B = Non-spawn XP
 C = Spawn XP percentage of total XP
 D = Spawn monster count
 E = Non-spawn monster count
 F = Spawn count percentage of total count
 G = Total turns spent on level
                    A         B        C        D         E        F      G
               +---------+---------+-------+---------+---------+-------+---------
         Total |       0 |      67 |   0.0 |       0 |      36 |   0.0 |   839
               +---------+---------+-------+---------+---------+-------+---------
           D:1 |       0 |      11 |   0.0 |       0 |       7 |   0.0 |   244
           D:2 |       0 |      46 |   0.0 |       0 |      22 |   0.0 |   480
           D:3 |       0 |       1 |   0.0 |       0 |       1 |   0.0 |    42
         Sewer |       0 |       9 |   0.0 |       0 |       6 |   0.0 |    37
               +---------+---------+-------+---------+---------+-------+---------

Table legend:
 A = Turns spent in this place as a percentage of turns spent in the entire game.
 B = Non-inter-level travel turns spent in this place as a percentage of non-inter-level travel turns spent in the entire game.
 C = Inter-level travel turns spent in this place as a percentage of turns spent in this place.
 D = Turns resting spent in this place as a percentage of non-inter-level travel turns spent in this place.
 E = Turns spent auto-exploring this place as a percentage of non-inter-level travel turns spent in this place.
 F = Non-inter-level travel turns spent in this place divided by the number of levels of this place that you've seen.
                   A       B       C       D       E      F
               +-------+-------+-------+-------+-------+----------------------
         Total | 100.0 | 100.0 |   1.5 |   0.0 |   0.0 | 165.2
       Dungeon |  95.6 |  95.5 |   1.6 |   0.0 |   0.0 | 197.2
         Sewer |   4.4 |   4.5 |   0.0 |   0.0 |   0.0 |  37.0
               +-------+-------+-------+-------+-------+----------------------

Table legend:
 A = Kills in this place as a percentage of kills in entire the game.
 B = Kills by you in this place as a percentage of kills by you in the entire game.
 C = Kills by friends in this place as a percentage of kills by friends in the entire game.
 D = Other kills in this place as a percentage of other kills in the entire game.
 E = Experience gained in this place as a percentage of experience gained in the entire game.
 F = Experience gained in this place divided by the number of levels of this place that you have seen.
                   A       B       C       D       E      F
               +-------+-------+-------+-------+-------+----------------------
         Total | 100.0 | 100.0 |   N/A |   N/A | 100.0 |  13.4
       Dungeon |  83.3 |  83.3 |   N/A |   N/A |  86.6 |  14.5
         Sewer |  16.7 |  16.7 |   N/A |   N/A |  13.4 |   9.0
               +-------+-------+-------+-------+-------+----------------------

Vault maps used:
D:1:      lightli_arrival_chessboard
D:2:      fedhas_altar_4, first_bread
D:3:      marbit_many_paths, led_sif_book, uniq_sigmund, uniq_terence
D:4:      grunt_temple_overflow_open, portal_sewer_entry_e,
          nicolae_ashenzari_panopticon, uniq_grinder, uniq_duvessa
Sewer:    sewer_fruit_machine
